 Dungeon Crawl Stone Soup version 0.29.1-12-g30fa7ad0bf (webtiles) character file.

Game seed: 7599160599061146221

35 wrenrar the Conjurer (level 3, -2/24 HPs)
             Began as a Human Conjurer on Jan 8, 2023.
             Slain by Feihao's ghost (6 damage)
             ... on level 3 of the Dungeon.
             The game lasted 00:09:54 (2037 turns).

wrenrar the Conjurer (Human Conjurer)               Turns: 2037, Time: 00:09:55

Health: -2/24      AC:  2    Str:  7    XL:     3   Next: 52%
Magic:  2/6        EV: 12    Int: 18    God:
Gold:   87         SH:  0    Dex: 13    Spells: 0/6 levels left

rFire   . . .      SeeInvis .   (no weapon)
rCold   . . .      Faith    .   (no shield)
rNeg    . . .      Spirit   .   a - +0 robe
rPois   .          Reflect  .   (no helmet)
rElec   .          Harm     .   (no cloak)
rCorr   .          Rampage  .   (no gloves)
Will    .....                   (no boots)
Stlth   ++........              (no amulet)
HPRegen 0.08/turn               (no ring)
MPRegen 0.10/turn               (no ring)

@: no status effects
A: no striking features
a: no special abilities


You were on level 3 of the Dungeon.
You visited 1 branch of the dungeon, and saw 3 of its levels.

You collected 87 gold pieces.

Inventory:

Missiles
 c - 5 poisoned darts
Armour
 a - a +0 robe (worn)
 e - a +0 cloak
 n - a +0 cloak
Jewellery
 k - a ring of magical power
Scrolls
 i - a scroll of blinking {unknown}
 j - 5 scrolls of identify {unknown}
 l - a scroll of fog {unknown}
 m - a scroll of amnesia {unknown}
Potions
 b - a potion of magic
 d - 2 potions of brilliance {unknown}
 f - a potion of degeneration {unknown}
 g - a potion of haste {unknown}
 h - a potion of curing {unknown}
 o - a potion of lignification {unknown}


   Skills:
 + Level 0.6 Throwing
 + Level 2.3 Dodging
 + Level 2.3 Stealth
 + Level 2.4 Spellcasting
 - Level 4.1 Conjurations
 + Level 0.9 Evocations


You couldn't memorise any spells.
You knew the following spells:

 Your Spells              Type           Power      Damage    Failure   Level
a - Magic Dart            Conj           68%        1d6       3%          1
b - Searing Ray           Conj           34%        2d5       4%          2
c - Dazzling Flash        Conj/Hex       18%        N/A       22%         3

Your spell library contained the following spells:

 Spells                   Type           Power      Damage    Failure   Level
 Foxfire                  Conj/Fire      36%        2x1d5     8%          1
 Conjure Flame            Conj/Fire      9%         6-21      22%         3
 Sublimation of Blood     Necr           2%         N/A       26%         2
 Wereblood                Tmut           2%         N/A       26%         2
 Inner Flame              Hex/Fire       2%         N/A       45%         3
 Flame Wave               Conj/Fire      9%         2d6       58%         4
 Fulminant Prism          Conj/Hex       4%         3d6       58%         4
 Iskenderun's Mystic Bla  Conj/Tloc      9%         2d4       58%         4
 Summon Hydra             Summ           1%         N/A       100%        7


Dungeon Overview and Level Annotations

Branches:
Dungeon (3/15)

Altars:
Xom

Annotations:
D:3 Feihao's ghost, amateur GrFi


Message History

Aiming: Magic Dart (safe; 3% risk of failure)
Press: ? - help, Q - select action, (/) - cycle Shift-Dir - straight line, f - kobold
Aim: a kobold, wielding a +0 short sword (asleep, 100% to hit)
The magic dart hits the kobold.
You kill the kobold!
Found a runed translucent door.
Feihao's ghost turns its malevolent gaze towards you.
Found 14 gold pieces and a viscous green potion.
Found a stone staircase leading down.
Press: ? - help, v - describe, . - travel A runed translucent door.
You can't see any susceptible monsters within range! (Use Z to cast anyway.)
You open the door.
Aiming: Magic Dart (safe; 3% risk of failure)
Press: ? - help, Q - select action, (/) - cycle Shift-Dir - straight line, f - Feihao's ghost
Aim: Feihao's ghost (100% to hit)
Okay, then.
Aiming: Searing Ray (safe; 4% risk of failure)
Press: ? - help, Shift-Dir - straight line, f - Feihao's ghost
Aim: Feihao's ghost (87% to hit)
The searing ray hits Feihao's ghost but does no damage. (Press . to maintain the ray.) Feihao's ghost hits you!
You hit Feihao's ghost but do no damage.
Feihao's ghost misses you.
You hit Feihao's ghost but do no damage.
Feihao's ghost hits you!
Ouch! That really hurt!
* * * LOW HITPOINT WARNING * * *
Aiming: Magic Dart (safe; 3% risk of failure)
Press: ? - help, Q - select action, (/) - cycle Shift-Dir - straight line, f/p - Feihao's ghost
Aim: Feihao's ghost (100% to hit)
The magic dart hits Feihao's ghost but does no damage.
Feihao's ghost closely misses you.
Aiming: Magic Dart (safe; 3% risk of failure)
Press: ? - help, Q - select action, (/) - cycle Shift-Dir - straight line, f/p - Feihao's ghost
Aim: Feihao's ghost (100% to hit)
The magic dart hits Feihao's ghost but does no damage.
Feihao's ghost hits you.
You die...

.. ##...##
..$#..)..#
.........#
#.........#
#...###....######..
...##⌠##..........#
..##...##...###.##
.##..?..##..#.#.#
⌠..♣...W@.....#
#..!..##..#...#
##...##.......#
##⌠##...##.###
.###..... >#
......### .# ......
.# ##..## .#


You could see Feihao's ghost.

Vanquished Creatures
  5 endoplasms
  3 goblins (D:1)
  7 hobgoblins
  2 quokkas (D:1)
  A ball python (D:1)
  4 bats
  2 frilled lizards (D:1)
  5 kobolds
  2 rats
31 creatures vanquished.

Vanquished Creatures (others)
  2 fungi (D:1)
  6 plants (D:1)
8 creatures vanquished.

Grand Total: 39 creatures vanquished

Notes
Turn   | Place    | Note
-------+----------+-------------------------------------------
     0 | D:1      | wrenrar the Human Conjurer began the quest for the Orb.
     0 | D:1      | Reached XP level 1. HP: 13/13 MP: 3/3
   189 | D:1      | Reached XP level 2. HP: 16/19 MP: 1/5
   335 | D:1      | Found a faded altar of an unknown god.
   912 | D:1      | Reached XP level 3. HP: 24/24 MP: 3/6
  1466 | D:2      | Learned a level 2 spell: Searing Ray
  1470 | D:2      | Learned a level 3 spell: Dazzling Flash
  1624 | D:2      | Found a shimmering altar of Xom.
  2019 | D:3      | Found a runed translucent door.
  2019 | D:3      | Noticed Feihao's ghost (amateur GrFi)
  2037 | D:3      | Slain by Feihao's ghost

Illustrated notes

Levels and vault maps discovered:
D:1:      arrival_zaba_pyramid, layout_basic,
          shapermc_ecumenical_altar_mp_ritualfount, minmay_tree_intersection,
          minmay_pentomino_q2
D:2:      layout_basic, basic_altar
D:3:      layout_basic, hellmonk_ghost_happy_afterlife

Action                   || total
-------------------------++-------
Melee: Unarmed           ||    19
 Cast: Magic Dart        ||    62
       Searing Ray       ||     1
Armor: Robe              ||     6
Dodge: Dodged            ||    16
